 Dungeon Crawl Stone Soup version 0.18.1-48-g4cf74bf (webtiles) character file.

53 RickumRackum the Covered (level 3, 0/29 HPs)
             Began as a Demonspawn Fighter on Aug 27, 2016.
             Slain by a gnoll
             ... wielding a +0 spear
              (2 damage)
             ... on level 1 of the Dungeon.
             The game lasted 00:06:11 (1058 turns).

RickumRackum the Covered (Demonspawn Fighter)       Turns: 1058, Time: 00:06:11

Health: 0/29       AC:  8    Str: 22    XL:     3   Next: 64%
Magic:  3/3        EV:  7    Int:  9    God:
Gold:   64         SH:  9    Dex: 12    Spells: 0 memorised, 2 levels left

rFire  . . .     SeeInvis .     a - +0 long sword
rCold  . . .     Gourm    .     b - +0 scale mail
rNeg   . . .     Faith    .     c - +0 shield
rPois  .         Spirit   .     (no helmet)
rElec  .         Dismiss  .     (no cloak)
rCorr  .         Reflect  .     (no gloves)
SustAt .         Harm     .     (no boots)
MR     .....                    (no amulet)
Stlth  ..........               (no ring)
                                (no ring)

@: mighty, not resistant to hostile enchantments, extremely unstealthy
A: thin metallic scales 1
a: no special abilities


You were on level 1 of the Dungeon.
You were not hungry.

You visited 1 branch of the dungeon, and saw 2 of its levels.

You collected 64 gold pieces.

Inventory:

Hand Weapons
 a - a +0 long sword (weapon)
 m - a +0 hand axe
Missiles
 e - 2 tomahawks (quivered)
Armour
 b - a +0 scale mail (worn)
 c - a +0 shield (worn)
Scrolls
 h - a scroll of remove curse {unknown}
 j - a scroll of recharging {unknown}
 k - a scroll of noise {unknown}
Potions
 d - a potion of might
 g - a potion of mutation {unknown}
Comestibles
 f - a bread ration
 i - a meat ration


   Skills:
 + Level 3.1 Fighting
 + Level 2.4 Long Blades
 * Level 3.3 Armour
 * Level 3.1 Shields


You had 2 spell levels left.
You didn't know any spells.

Dungeon Overview and Level Annotations

Branches:
Dungeon (2/15)

Altars:


Innate Abilities, Weirdness & Mutations

You are partially covered in thin metallic scales (AC +2).


Message History

The gnoll is moderately wounded.
You block the gnoll's attack. x2; The gnoll hits you but does no damage.
The gnoll hits you from afar with a spear!
* * * LOW HITPOINT WARNING * * *
You closely miss the gnoll.
The gnoll is moderately wounded.
The gnoll closely misses you. The gnoll hits you but does no damage.
The gnoll hits you from afar with a spear.
* * * LOW HITPOINT WARNING * * *
You block the gnoll's attack.
You slash the gnoll!
You kill the gnoll!
You block the gnoll's attack. The gnoll hits you but does no damage.
Drink which item? (? for menu, Esc to quit)
You feel very mighty all of a sudden. The gnoll hits you but does no damage.
You block the gnoll's attack.
You hit the gnoll.
The gnoll is moderately wounded.
The gnoll hits you from afar with a spear.
You die...

#.###.##.## #.########
#.###
##...###.####(.......#
#.... ##.##
#........####.# ######
####.####.######.# #.#
#..... #....##.....# #.#
#.# #.####
#############.# #.# #.#
#.# #K#H#e#o#i#p#.## #.#
#.# #.# #
##############.###.# #.#
#.# #
............'..g@#.# #.#
#.# #
##############g#)#.# #.#
#.# #
#n#9#x#M#6#O#.##.#.## #.#
#.# #
#############.##..(.###.#
#.#### #.# #.#
#.#.##.....##.# #.....
#.# #.###.#.#.........#
####.≈
#.#####.......#......####
#.≈
#..........>........##
########≈≈
######)########.##.##
#.......≈≈


You could see 2 gnolls.

Vanquished Creatures
  2 gnolls
  A dart slug (D:1)
  2 giant geckos (D:1)
  4 goblins (D:1)
  5 hobgoblins
  8 jackals (D:1)
  A kobold (D:1)
  2 bats
  A rat (D:1)
26 creatures vanquished.

Notes
Turn   | Place    | Note
--------------------------------------------------------------
     0 | D:1      | RickumRackum the Demonspawn Fighter began the quest for the Orb.
     0 | D:1      | Reached XP level 1. HP: 18/18 MP: 1/1
     2 | D:1      | Noticed a formicid
     2 | D:1      | Noticed a demigod
     4 | D:1      | Noticed a centaur
     4 | D:1      | Noticed a merfolk
     6 | D:1      | Noticed a felid
     6 | D:1      | Noticed a tengu
     8 | D:1      | Noticed a halfling
     8 | D:1      | Noticed a dwarf
    10 | D:1      | Noticed a troll
    10 | D:1      | Noticed a vampire
    12 | D:1      | Noticed a naga
    12 | D:1      | Noticed a draconian
    14 | D:1      | Noticed a vine stalker
    16 | D:1      | Noticed a ghoul
    18 | D:1      | Noticed a minotaur
    18 | D:1      | Noticed a gargoyle
    20 | D:1      | Noticed an elf
    20 | D:1      | Noticed an octopode
    24 | D:1      | Noticed a spriggan
    24 | D:1      | Noticed a demonspawn
    26 | D:1      | Noticed a human
    26 | D:1      | Noticed an ogre
   184 | D:1      | Gained mutation: You are partially covered in thin metallic scales (AC +2). [demonic ancestry]
   184 | D:1      | Reached XP level 2. HP: 24/24 MP: 2/2
   519 | D:1      | Reached XP level 3. HP: 29/29 MP: 3/3
  1055 | D:1      | HP: 1/29 [gnoll/spear (2)]
  1058 | D:1      | Slain by a gnoll

Skill      XL: |  1  2 |
---------------+-------+-----
Armour         | 3 |  3.3
Long Blades    | 2 |  2.4
Shields        | 3 |  3.1
Fighting       | |  3.1

Action                   || total
-------------------------++-------
Melee: Long sword        ||    73
  Use: Potion            ||     1
  Eat: Chunk             ||     1
Armor: Scale mail        ||    46
Dodge: Dodged            ||    31
Block: Shield            ||    40
